 Dungeon Sprint DCSS version 0.16.2-12-gd0ad4c3 (webtiles) character file.

2897 Ponchio the Thaumaturge (level 9, 0/45 HPs)
             Began as a Deep Elf Fire Elementalist on Nov 9, 2015.
             Was the Champion of Vehumet.
             Slain by a wolf spider (5 damage)
             ... in the Dungeon (Sprint V: "Ziggurat Sprint").
             The game lasted 00:13:39 (784 turns).

Ponchio the Thaumaturge (Deep Elf Fire Elementalist) Turns: 784, Time: 00:13:39

Health: 0/45       AC:  4    Str:  5    XL:     9   Next: 49%
Magic:  23/39      EV: 29    Int: 30    God:    Vehumet [******]
Gold:   0          SH:  0    Dex: 27    Spells: 3 memorised, 27 levels left

rFire  + . .     SeeInvis .     J - +6 Majin-Bo {vamp, Archmagi MP+6 Int+6}
rCold  + . .     Clarity  .     N - +2 robe {rC+ rF+}
rNeg   . . .     SustAb   .     (no shield)
rPois  .         Gourm    .     (no helmet)
rElec  .         Spirit   .     (no cloak)
rCorr  .         Warding  .     (no gloves)
rMut   .         NoTele   +     (no boots)
MR     .....                    (no amulet)
Stlth  +++.......               A - +6 ring of dexterity
                                y - +6 ring of dexterity

@: not resistant to hostile enchantments, fairly stealthy
A: no striking features
a: Renounce Religion


You were in the Dungeon.
You worshipped Vehumet.
Vehumet was exalted by your worship.
You were not hungry.

You visited 1 branch

Inventory:

Hand weapons
 J - the +6 Majin-Bo (weapon) {vamp, Archmagi MP+6 Int+6}
   (You found it in the Dungeon)

   It inflicts no extra harm, but heals its wielder somewhat when it strikes a
   living foe.
   It affects your intelligence (+6).
   It affects your magic capacity (+6).
Armour
 a - a +0 robe
 K - the +15 Maxwell's patent armour {-Cast -Tele rElec MR+ rCorr}
   (You found it in the Dungeon)

   It insulates you from electricity.
   It affects your resistance to hostile enchantments.
   It prevents spellcasting.
   It prevents most forms of teleportation.
   It protects you from acid and corrosion.
 N - a +2 robe of resistance (worn)
Jewellery
 y - a +6 ring of dexterity (left hand)
 A - a +6 ring of dexterity (right hand)
 B - a +6 ring of intelligence
 C - a +6 ring of intelligence
 D - a +6 ring of strength
 E - a +6 ring of strength
Magical devices
 F - a wand of disintegration (2)
 G - a wand of fire (0)
 H - a wand of cold (4)
 I - a wand of draining (5)
Scrolls
 i - 4 scrolls of blinking
 n - 4 scrolls of enchant armour
 q - 4 scrolls of amnesia
 r - 3 scrolls of recharging
 s - 7 scrolls of fog
 t - a scroll of holy word
 u - 5 scrolls of identify
 v - 4 scrolls of remove curse
 w - 2 scrolls of fear
 L - 4 scrolls of enchant weapon
Potions
 d - 7 potions of curing
 e - 11 potions of heal wounds
 f - 6 potions of haste
 g - 7 potions of magic
 h - 3 potions of berserk rage
 j - 2 potions of brilliance
 k - 2 potions of invisibility
 l - 2 potions of restore abilities
 m - 4 potions of resistance
 o - 5 potions of agility
 p - 5 potions of might
Books
 b - a book of Flames

   Spells                             Type                      Level
   a - Flame Tongue                   Conjuration/Fire             1
   b - Throw Flame                    Conjuration/Fire             2
   c - Conjure Flame                  Conjuration/Fire             3
   d - Inner Flame                    Hexes/Fire                   3
   e - Sticky Flame                   Conjuration/Fire             4
   f - Fireball                       Conjuration/Fire             5
 M - a book of Control

   Spells                             Type                      Level
   a - Control Teleport               Charms/Translocation         4
   b - Control Undead                 Necromancy                   4
   c - Enslavement                    Hexes                        4
   d - Metabolic Englaciation         Hexes/Ice                    5
   e - Mass Confusion                 Hexes                        6
Comestibles
 c - 5 bread rations
 x - 38 fruits
 z - 4 meat rations


   Skills:
 + Level 13.9 Dodging
 - Level 2.4 Stealth
 + Level 14.9 Spellcasting
 + Level 12.7 Conjurations
 - Level 4.9 Necromancy
 - Level 3.2 Fire Magic
 - Level 8.8 Evocations


You had 27 spell levels left.
You knew the following spells:

 Your Spells              Type           Power        Failure   Level  Hunger
a - Flame Tongue          Conj/Fire      #####        1%          1    None
b - Fireball              Conj/Fire      #######...   1%          5    None
c - Control Undead        Necr           ######....   2%          4    None


Dungeon Overview and Level Annotations

Branches:
Dungeon (1/1)

Altars:
Ashenzari
Cheibriados
Dithmenos
Elyvilon
Fedhas
Gozag
Kikubaaqudgha
Makhleb
Nemelex Xobeh
Okawaru
Qazlal
Ru
Sif Muna
Trog
Vehumet
Xom
Yredelemnul
Zin
The Shining One
Beogh
Jiyva
Lugonu


Message History

You feel a surge of power!
The fireball explodes!
The fireball engulfs the wolf spider.
The wolf spider is heavily wounded.
Casting: Fireball
Confirm with . or Enter, or press ? or * to list all spells.
Aiming: Fireball
Press: ? - help, Shift-Dir - straight line, p - wolf spider You feel a surge of power!
The fireball explodes!
The fireball engulfs the wolf spider.
The wolf spider is almost dead.
The wolf spider closely misses you. x2
The wolf spider hits you! The wolf spider bites you.
* * * LOW HITPOINT WARNING * * *
You are lethally poisoned!
The wolf spider poisons you!
Drink which item? (? for menu, Esc to quit)
You feel better. The wolf spider hits you!
* * * LOW HITPOINT WARNING * * *
The wolf spider bites you.
You die...

8©8
▓..|=:..▓
▓..)|:..▓
▓.......▓
▓.......▓
▓...†...▓
▓.......▓
▓...s...▓
▓...@...▓
▓▓▓▓▓▓▓▓▓


You could see a wolf spider.

Vanquished Creatures
  A deep elf knight (D)
  A shining eye (D)
  A deep elf priest (D)
  A slime creature (D)
  A tarantella (D)
  2 deep elf magi (D)
  A golden eye (D)
  3 wolves (D)
  A water moccasin (D)
  3 black bears (D)
  An eye of draining (D)
  A scorpion (D)
  A quasit (D)
  A jelly (D)
  2 adders (D)
  3 giant mites (D)
  2 white imps (D)
  A giant eyeball (D)
  2 ball pythons (D)
29 creatures vanquished.

Notes
Turn   | Place    | Note
--------------------------------------------------------------
     0 | D        | Ponchio, the Deep Elf Fire Elementalist, began the quest for the Orb.
     0 | D        | Reached XP level 1. HP: 10/10 MP: 5/5
     0 | D        | Found a viscous altar of Jiyva.
     0 | D        | Found a corrupted altar of Lugonu.
     0 | D        | Found a white marble altar of Elyvilon.
     1 | D        | Found a burning altar of Makhleb.
     1 | D        | Found an iron altar of Okawaru.
     3 | D        | Found a sparkling altar of Nemelex Xobeh.
     3 | D        | Found a basalt altar of Yredelemnul.
     3 | D        | Found a deep blue altar of Sif Muna.
     3 | D        | Found a radiant altar of Vehumet.
     7 | D        | Found a bloodstained altar of Trog.
     7 | D        | Found a shimmering altar of Xom.
    32 | D        | Became a worshipper of Vehumet
    53 | D        | Reached skill level 8 in Evocations
    53 | D        | Reached XP level 2. HP: 15/15 MP: 6/8
   106 | D        | Entered arena 1.
   106 | D        | Noticed a wolf
   106 | D        | Noticed a black bear
   107 | D        | Killed a wolf
   107 | D        | Reached skill level 5 in Dodging
   107 | D        | Reached XP level 3. HP: 19/19 MP: 16/16
   107 | D        | Reached XP level 4. HP: 24/24 MP: 18/18
   109 | D        | Killed a black bear
   109 | D        | Reached XP level 5. HP: 28/28 MP: 19/22
   151 | D        | Entered arena 2.
   151 | D        | Noticed a quasit
   152 | D        | Acquired Vehumet's first power
   152 | D        | Offered knowledge of Shock by Vehumet.
   154 | D        | Killed a quasit
   178 | D        | Learned a level 5 spell: Fireball
   188 | D        | Entered arena 3.
   188 | D        | Noticed a wolf
   188 | D        | Noticed a black bear
   188 | D        | Noticed a wolf
   188 | D        | Noticed a black bear
   190 | D        | Killed a black bear
   190 | D        | Reached skill level 9 in Spellcasting
   190 | D        | Reached XP level 6. HP: 20/32 MP: 25/25
   190 | D        | Killed a black bear
   190 | D        | Reached skill level 10 in Spellcasting
   194 | D        | Killed a wolf
   194 | D        | Reached XP level 7. HP: 14/36 MP: 28/28
   195 | D        | Killed a wolf
   195 | D        | Reached skill level 10 in Dodging
   195 | D        | Reached skill level 11 in Spellcasting
   377 | D        | Entered arena 4.
   377 | D        | Noticed a deep elf mage
   377 | D        | Noticed a deep elf knight
   377 | D        | Noticed a deep elf priest
   377 | D        | Noticed a deep elf mage
   377 | D        | HP: 1/36 [deep elf priest/a malign offering (13)]
   380 | D        | Killed a deep elf mage
   380 | D        | Offered knowledge of Searing Ray by Vehumet.
   380 | D        | Acquired Vehumet's second power
   380 | D        | Killed a deep elf mage
   380 | D        | Reached skill level 12 in Spellcasting
   380 | D        | Reached skill level 10 in Conjurations
   380 | D        | Killed a deep elf priest
   380 | D        | Reached XP level 8. HP: 18/41 MP: 30/31
   381 | D        | Killed a deep elf knight
   381 | D        | Reached skill level 13 in Spellcasting
   638 | D        | Entered arena 5.
   638 | D        | Noticed a water moccasin
   639 | D        | Acquired Vehumet's third power
   639 | D        | Offered knowledge of Static Discharge by Vehumet.
   639 | D        | Killed a water moccasin
   651 | D        | Learned a level 4 spell: Control Undead
   677 | D        | Entered arena 6.
   677 | D        | Noticed an eye of draining
   677 | D        | Noticed a shining eye
   677 | D        | Noticed a golden eye
   677 | D        | Noticed a jelly
   677 | D        | Noticed a slime creature
   678 | D        | Killed a jelly
   678 | D        | Killed a golden eye
   678 | D        | Reached XP level 9. HP: 45/45 MP: 32/32
   679 | D        | Killed an eye of draining
   679 | D        | Reached skill level 14 in Spellcasting
   680 | D        | Killed a slime creature
   680 | D        | Killed a shining eye
   779 | D        | Entered arena 7.
   779 | D        | Noticed a tarantella
   779 | D        | Noticed a wolf spider
   779 | D        | Noticed a scorpion
   780 | D        | Killed a scorpion
   780 | D        | Offered knowledge of Fulminant Prism by Vehumet.
   781 | D        | Killed a tarantella
   784 | D        | Slain by a wolf spider

Action                   |  1- 3 |  4- 6 |  7- 9 || total
-------------------------+-------+-------+-------++-------
 Cast: Fireball          |       |       |    11 ||    11
Evoke: Wand              |       |     9 |     2 ||    11
  Use: Potion            |     1 |     2 |     2 ||     5
       Scroll            |       |     1 |       ||     1
  Eat: Fruit             |     2 |       |     2 ||     4
       Chunk             |       |       |     1 ||     1
